 Dungeon Crawl Stone Soup version 0.30-a0-728-gc68057be0a (webtiles) character file.

Game seed: 17877109687954664704

247 Angani the Grave Robber (level 5, -3/35 (38) HPs)
             Began as a Draconian Necromancer on Jan 31, 2023.
             Was an Initiate of Nemelex Xobeh.
             Slain by a wight
             ... wielding a +4 great sword
              (6 damage)
             ... on level 6 of the Dungeon.
             The game lasted 00:05:03 (2395 turns).

Angani the Grave Robber (Draconian Necromancer)     Turns: 2395, Time: 00:05:03

HP:   -3/35 (38)    AC:  6    Str: 11    XL:     5   Next: 85%
MP:   7/10          EV: 12    Int: 17    God:    Nemelex Xobeh [......]
Gold: 49            SH:  5    Dex: 11    Spells: 4/11 levels left

rFire   . . .      SeeInvis .    i - +1 dagger (venom)
rCold   . . .      Faith    .    (no shield)
rNeg    . . .      Spirit   .    (body armour unavailable)
rPois   .          Reflect  +    d - +0 hat
rElec   .          Harm     .    k - +0 cloak
rCorr   .          Rampage  .    (no gloves)
Will    .....                    (no boots)
Stlth   ++                       j - amulet of reflection
HPRegen 0.25/turn                (no ring)
MPRegen 0.12/turn                (no ring)

@: drained
A: AC +5, unfitting armour, cold-blooded
a: Renounce Religion, Draw Escape, Draw Destruction, Draw Summoning


You were on level 6 of the Dungeon.
You worshipped Nemelex Xobeh.
Nemelex Xobeh was noncommittal.
You visited 1 branch of the dungeon, and saw 4 of its levels.

You collected 126 gold pieces.
You spent 77 gold pieces at shops.

Inventory:

Hand Weapons
 i - a +1 dagger of venom (weapon)
Armour
 d - a +0 hat (worn)
 k - a +0 cloak (worn)
Jewellery
 j - an amulet of reflection (around neck)
Wands
 n - a wand of flame (17)
Scrolls
 b - 4 scrolls of teleportation
 c - a scroll of silence
 h - 2 scrolls of fog
 l - a scroll of immolation
 m - a scroll of summoning
Potions
 a - a potion of magic
 e - a potion of ambrosia


   Skills:
 - Level 1.7 Dodging
 - Level 1.7 Stealth
 + Level 3.8 Spellcasting
 + Level 2.5 Summonings
 + Level 5.4 Necromancy


You had 4 spell levels left.
You knew the following spells:

 Your Spells              Type           Power      Damage    Failure   Level
a - Necrotise             Necr           84%        1d8       1%          1
b - Vampiric Draining     Necr           21%        2d7       5%          3
c - Call Canine Familiar  Summ           11%        N/A       17%         3

Your spell library contained the following spells:

 Spells                   Type           Power      Damage    Failure   Level
 Sting                    Tmut/Pois      12%        1d3       16%         1
 Animate Dead             Necr           21%        N/A       17%         4
 Poisonous Vapours        Pois/Air       6%         N/A       24%         2
 Portal Projectile        Hex/Tloc       6%         N/A       43%         3
 Leda's Liquefaction      Hex/Erth       1%         N/A       85%         4
 Olgreb's Toxic Radiance  Pois           3%         N/A       85%         4
 Agony                    Necr           21%        N/A       43%         5


Dungeon Overview and Level Annotations

Branches:
Dungeon (3/15)

Altars:
Dithmenos
Nemelex Xobeh
Okawaru

Shops:
D:2 ?

Annotations:
D:3 1 runed translucent door, wogdood's ghost, weakling SpBr


Innate Abilities, Weirdness & Mutations

Your plain brown scales are hard. (AC +5)
You cannot fit into any form of body armour.
You are cold-blooded and may be slowed by cold attacks.


Message History

You start resting.
Your hound disappears in a puff of smoke!
Magic restored.
You start resting.
A wight comes into view.
It is wielding a +2 halberd of freezing.
A wight comes into view. It is wielding a +4 great sword.
Casting: Call Canine Familiar (quite dangerous; 17% risk of failure)
Confirm with . or Enter, or press ? or * to list all spells.
The spell is quite dangerous to miscast (17% risk of failure)!
Continue anyway?
Aiming: Throw Flame
Press: ? - help, Shift-Dir - straight line, f - wight
Aim: a wight, wielding a +4 great sword and wearing a +0 robe (ally target, 68% to hit)
The puff of flame misses the wight.
Your hound bites the wight.
You block the wight's attack.
Your hound bites the wight but does no damage.
Aiming: Throw Flame
Press: ? - help, Shift-Dir - straight line, f/p - wight
Aim: a wight, wielding a +4 great sword and wearing a +0 robe (lightly damaged, ally target, 68% to hit)
The puff of flame misses the wight.
Your hound bites the wight but does no damage.
You block the wight's attack.
There's nothing to close nearby.
Aiming: Throw Flame
Press: ? - help, Shift-Dir - straight line, f/p - wight
Aim: a wight, wielding a +4 great sword and wearing a +0 robe (lightly damaged, ally target, 68% to hit)
The puff of flame hits the wight.
The wight is moderately damaged.
Your hound barely misses the wight.
The wight hits you with a +4 great sword!
You feel drained.
Your hound bites the wight but does no damage.
Aiming: Throw Flame
Press: ? - help, Shift-Dir - straight line, f/p - wight
Aim: a wight, wielding a +4 great sword and wearing a +0 robe (moderately damaged, ally target, 68% to hit)
The puff of flame misses the wight.
Your hound bites the wight.
The wight hits you with a +4 great sword!
* * * LOW HITPOINT WARNING * * *
You feel drained.
You die...
Your body disappears without a glow.

..# #### ##.#.
... ..# ##....
#.# # #.#
##..... #.#
#z##.###).....
#.#
#......>......
#.#
####.#####....
#.# #.# ##.##
#z######.# ###
#@h......#
##########


You could see a wight (ally target) and a friendly hound (summoned).

Vanquished Creatures
  A sky beast (D:6)
  Natasha (twice) (D:2)
  Robin (D:3)
  2 adders
  2 dart slugs (D:2)
  4 ball pythons
  4 endoplasms
  13 goblins
  6 hobgoblins
  3 jackals (D:3)
  5 kobolds
  3 quokkas
  5 bats
  6 frilled lizards
  3 rats
60 creatures vanquished.

Vanquished Creatures (collateral kills)
  An adder (D:2)
  A ball python (D:1)
  A goblin (D:3)
3 creatures vanquished.

Vanquished Creatures (others)
  2 withered plants (D:3)
2 creatures vanquished.

Grand Total: 65 creatures vanquished

Notes
Turn   | Place    | Note
-------+----------+-------------------------------------------
     0 | D:1      | Angani the Draconian Necromancer began the quest for the
                  | Orb.
     0 | D:1      | Reached XP level 1. HP: 14/14 MP: 3/3
   379 | D:1      | Reached XP level 2. HP: 20/20 MP: 3/5
   703 | D:2      | Found a sparkling altar of Nemelex Xobeh.
   770 | D:2      | Became a worshipper of Nemelex Xobeh the Trickster
   827 | D:2      | Reached XP level 3. HP: 26/26 MP: 5/7
   920 | D:2      | Learned a level 3 spell: Vampiric Draining
   924 | D:2      | Learned a level 3 spell: Call Canine Familiar
   956 | D:2      | Noticed Natasha
   964 | D:2      | Killed Natasha
  1212 | D:2      | Reached skill level 1 in Summonings
  1354 | D:2      | Noticed Natasha
  1369 | D:2      | Killed Natasha
  1370 | D:2      | Reached XP level 4. HP: 29/33 MP: 3/8
  1587 | D:2      | Found Ziehiwiv's Magic Scroll Shop.
  1597 | D:2      | Bought a scroll of identify for 22 gold pieces
  1597 | D:2      | Bought a scroll of identify for 22 gold pieces
  1597 | D:2      | Bought a scroll of teleportation for 33 gold pieces
  1664 | D:3      | Reached skill level 5 in Necromancy
  1746 | D:3      | Found an iron altar of Okawaru.
  1878 | D:3      | Found a runed translucent door.
  1878 | D:3      | Noticed wogdood's ghost (weakling SpBr)
  1927 | D:3      | Found a shadowy altar of Dithmenos.
  2015 | D:3      | Noticed Robin
  2028 | D:3      | Reached XP level 5. HP: 31/38 MP: 3/10
  2039 | D:3      | Killed Robin
  2228 | D:3      | You fall into a shaft and drop 3 floors!
  2302 | D:6      | Noticed a sky beast
  2312 | D:6      | Noticed a steam dragon
  2338 | D:6      | Killed a sky beast
  2395 | D:6      | Slain by a wight

Illustrated notes

Levels and vault maps discovered:
D:1:      dpeg_arrival_long_road, layout_rooms
D:2:      minmay_door_path, layout_rooms, serial_shops, nicolae_lakefront_shop,
          basic_altar, minmay_tall_x, uniq_natasha
D:3:      minmay_inner_zag, layout_basic, nicolae_dithmenos_the_darkroom,
          mainiacjoe_overflow_brackets, gammafunk_ghost_grave,
          kennysheep_doodads, kennysheep_decorative_pillar, uniq_robin
D:6:      minmay_octagon_keep, layout_loops_corners,
          hangedman_abyss_or_decor_stagger, st_stairs_3

Skill      XL: |  1  2  3  4  5 |
---------------+----------------+-----
Spellcasting   | 3 |  3.8
Summonings     | 1 2 |  2.5
Necromancy     | 5 |  5.4
Dodging        | |  1.7
Stealth        | |  1.7

Action                     |  1- 3 |  4- 6 || total
---------------------------+-------+-------++-------
  Melee: Unarmed           |     1 |       ||     1
         Dagger            |    16 |    68 ||    84
         Tailslap          |     1 |     5 ||     6
         Punch             |     1 |     2 ||     3
   Cast: Necrotise         |    45 |    26 ||    71
         Call Canine Famil |       |     2 ||     2
  Evoke: Wand              |       |     4 ||     4
    Use: Scroll            |       |     7 ||     7
   Stab: Sleeping          |     2 |     1 ||     3
 Armour: Skin              |     8 |    30 ||    38
  Dodge: Dodged            |     8 |    48 ||    56
  Block: Other             |     7 |    16 ||    23
         Reflection        |       |     1 ||     1

Table legend: (Time is in decaauts)
 A = Elapsed time spent in this place.
 B = Non-inter-level travel time spent in this place.
 C = Inter-level travel time spent in this place.
 D = Time resting spent in this place.
 E = Time spent auto-exploring this place.
 F = Levels seen in this place.
 G = Mean time per level.
                   A        B        C        D        E       F      G
               +--------+--------+--------+--------+--------+-----+--------+
         Total |   2396 |   2362 |     34 |    308 |   1550 |   4 |  599.0 |
       Dungeon |   2396 |   2362 |     34 |    308 |   1550 |   4 |  599.0 |
               +--------+--------+--------+--------+--------+-----+--------+

Top non-repeatable levels by time:
     D:2: 956 daAuts
     D:1: 703 daAuts
     D:3: 570 daAuts
     D:6: 166 daAuts
